 Dungeon Crawl Stone Soup version 0.32-a0-42-ga30500b4d3 (webtiles) character file.

Game seed: 8927941339621719519

3452 senseless the Insei (level 10, 0/69 HPs)
             Began as an Octopode Shapeshifter on Jan 31, 2024.
             Slain by a two-headed ogre
             ... wielding a +0 glaive
              (7 damage)
             ... in a bailey.
             The game lasted 00:18:53 (6343 turns).

senseless the Insei (Octopode Shapeshifter)         Turns: 6343, Time: 00:18:54

Health: 0/69       AC:  5    Str: 24    XL:     10   Next: 6%
Magic:  7/10       EV: 17    Int: 15    God:
Gold:   387        SH:  0    Dex: 18    Spells: 8/9 levels left

rFire   . . .        f - +10 lajatang of Cheese {holy, rPois Int+3 Dex+2}
rCold   . . .        (shield currently unavailable)
rNeg    . . .        (helmet currently unavailable)
rPois   +            (no amulet)
rElec   .            d - ring "Elaevaitha" {AC+4 Str+4}
rCorr   .            e - ring of wizardry
SInv    .            g - +6 ring of strength
Will    .....        n - ring of flight
Stlth   +++          (no ring)
HPRegen 0.31/turn    (no ring)
MPRegen 0.12/turn    (no ring)
                     (no ring)

%: wizardry (x1)
@: beast-form, flying
A: beast (slay +3), almost no armour, amphibious, 8 rings, camouflage 1,
gelatinous body 1, (nimble swimmer 1), tentacles
a: Begin Untransformation


You were in a bailey.
You were a hulking beast.
You visited 2 branches of the dungeon, and saw 8 of its levels.
You also visited: Sewer and Bailey.

You collected 387 gold pieces.

Inventory:

Hand Weapons
 f - the +10 lajatang of Cheese (weapon) {holy, rPois Int+3 Dex+2}
   (You took it off a spriggan in a bailey)

   Int+3:     It affects your intelligence (+3).
   Dex+2:     It affects your dexterity (+2).
   rPois:     It protects you from poison
 k - a +4 whip of protection
 q - the +9 whip "Naggug" {freeze, rF- rN+ Dex+3 Stlth+}
   (You found it on level 4 of the Dungeon)

   Dex+3:     It affects your dexterity (+3).
   rF-:       It makes you vulnerable to fire.
   rN+:       It protects you from negative energy.
   Stlth+:    It makes you more stealthy.
Missiles
 j - 42 stones
 u - 6 curare-tipped darts
 w - 2 poisoned darts
Armour
 m - a +1 hat
Jewellery
 d - the ring "Elaevaitha" (left tentacle) {AC+4 Str+4}
   (You found it on level 3 of the Dungeon)

   [ring of protection]

   AC+4:      It affects your AC (+4).
   Str+4:     It affects your strength (+4).
 e - a ring of wizardry (right tentacle)
 g - a +6 ring of strength (on tentacle)
 n - a ring of flight (on tentacle)
Talismans
 b - a beast talisman
 c - a flux talisman
 s - a serpent talisman
Scrolls
 p - a scroll of amnesia
 t - 2 scrolls of poison
 y - a scroll of teleportation
Potions
 a - 3 potions of lignification
 h - a potion of haste
 i - a potion of might
 l - 2 potions of mutation
 o - a potion of curing {unknown}
 v - a potion of brilliance {unknown}


   Skills:
 + Level 6.9 Fighting
 - Level 2.0(2.2) Maces & Flails
 * Level 1.3(1.9) Staves
 + Level 7.1 Dodging
 + Level 7.5 Unarmed Combat
 + Level 6.9 Shapeshifting


You had 8 spell levels left.
You knew the following spells:

 Your Spells              Type           Power      Damage    Failure   Level
a - Magic Dart            Conj           0%         1d3       11%         1

Your spell library contained the following spells:

 Spells                   Type           Power      Damage    Failure   Level
 Blink                    Tloc           0%         N/A       16%         2
 Call Imp                 Summ           0%         N/A       16%         2
 Searing Ray              Conj           0%         2d4       16%         2
 Volatile Blastmotes      Fire/Tloc      0%         2d10      32%         3
 Fulminant Prism          Conj/Alch      0%         3d5       69%         4
 Iskenderun's Mystic Bla  Conj/Tloc      0%         2d3       69%         4
 Vhi's Electric Charge    Tloc/Air       0%         N/A       69%         4
 Arcjolt                  Conj/Air       0%         1d10      95%         5
 Plasma Beam              Fire/Air       0%         2x1d10    100%        6


Dungeon Overview and Level Annotations

Branches:
Dungeon (7/15)             Temple (1/1) D:5           Sewer (visited)
 Bailey (1/1)

Altars:
Ashenzari
Cheibriados
Dithmenos
Elyvilon
Fedhas
Gozag
Hepliaklqana
Kikubaaqudgha
Makhleb
Nemelex Xobeh
Okawaru
Ru
Sif Muna
Trog
Uskayaw
Vehumet
Wu Jian
Xom
Yredelemnul
The Shining One

Shops:
D:5 *


Innate Abilities, Weirdness & Mutations

You are a hulking beast.
Your limbs bulge with bestial killing power. (Slay +3)
You cannot wear most types of armour.
You are amphibious.
You can wear up to eight rings at the same time.
Your skin changes colour to match your surroundings (Stealth+).
Your rubbery body absorbs attacks. (AC +1, EV +1)
((You are camouflaged when in or above water. (Stealth+)))
You have tentacles for arms and can constrict up to eight enemies at once.


Message History

The ogre is lightly wounded.
The magic dart hits the ogre but does no damage.
The ogre is lightly wounded.
The ogre completely misses you.
You slice the ogre!!
You kill the ogre!
No target in view!
You can't see any susceptible monsters within range! (Use Z to cast anyway.) Magic restored.
HP restored.
You see here a +0 halberd.
The magic dart hits the two-headed ogre but does no damage.
The two-headed ogre shouts in stereo!
The magic dart hits the two-headed ogre but does no damage.
The magic dart hits the two-headed ogre.
The two-headed ogre is lightly wounded.
The magic dart hits the two-headed ogre but does no damage.
The two-headed ogre is lightly wounded.
A steam dragon comes into view.
The two-headed ogre hits you with a +0 glaive! x2
The steam dragon hisses angrily.
You slice the two-headed ogre!! You squeeze the two-headed ogre!
The two-headed ogre is severely wounded.
The two-headed ogre barely misses you.
The two-headed ogre completely misses you.
You slash the two-headed ogre!
The two-headed ogre is almost dead.
The two-headed ogre hits you with a +0 glaive!
The two-headed ogre hits you with a +0 glaive.
You barely miss the two-headed ogre.
The two-headed ogre is almost dead.
The steam dragon bites you. The steam dragon barely misses you.
The two-headed ogre hits you with a +0 glaive!!
* * * LOW HITPOINT WARNING * * *
The two-headed ogre misses you.
You hit the two-headed ogre.
The two-headed ogre is almost dead.
The steam dragon misses you. The steam dragon closely misses you.
The two-headed ogre hits you with a +0 glaive!
You die...

######### ##.......## ###
##.........## ##.##
##..#####♣#..## ##...##
##..##.....♣#..## #.....#
##..#♣.......♣#†.##
##.....###..##Dh♣♣♣♣♣..#)..#
#...∩..~)~..#.O♣♣ ♣♣.#)..#
#......~~~..#.. ♣)#~..#
#......)~~..#.. ♣.~~..#
#......~~~..#.. ♣.#~..#
#...∩..~~~..#.. ♣♣.#...#
##.....###..##..♣##♣♣..#...#
#.....# ##..#♣....)..##..##
##...## #..#♣.....♣#..##


You could see a two-headed ogre and a steam dragon.

Vanquished Creatures
  A manticore (D:6)
  3 spriggans (Bailey)
  A wyvern (D:7)
  2 steam dragons
  A sky beast (D:6)
  5 ogres
  A crocodile (Sewer)
  3 phantoms
  A brain worm (Sewer)
  2 bullfrogs
  A gnoll sergeant (D:6)
  4 scorpions
  5 wights (D:7)
  2 jellies
  2 bombardier beetles
  2 orc priests
  2 hounds
  2 iguanas (D:5)
  5 orc wizards
  5 gnolls (D:6)
  7 adders
  2 white imps (D:5)
  2 ufetubi (D:6)
  4 dart slugs
  2 ribbon worms
  19 orcs
  12 endoplasms
  4 giant cockroaches
  7 goblins
  4 hobgoblins
  12 jackals
  5 kobolds
  3 quokkas
  10 ball pythons
  11 bats
  4 frilled lizards
  2 rats
160 creatures vanquished.

Notes
Turn   | Place    | Note
-------+----------+-------------------------------------------
     0 | D:1      | senseless the Octopode Shapeshifter began the quest for the
                  | Orb.
     0 | D:1      | Reached XP level 1. HP: 13/13 MP: 1/1
   258 | D:1      | Reached XP level 2. HP: 18/18 MP: 2/2
  1027 | D:2      | Reached XP level 3. HP: 18/23 MP: 3/3
  1672 | D:3      | Reached XP level 4. HP: 29/29 MP: 4/4
  1713 | D:3      | Found an opulent altar of Gozag.
  1741 | D:3      | Identified the ring "Elaevaitha" {AC+4 Str+4}
  1829 | D:3      | Found a glowing drain.
  1873 | Sewer    | Entered a sewer
  1895 | Sewer    | Noticed a brain worm
  1901 | Sewer    | Killed a brain worm
  1902 | Sewer    | Reached XP level 5. HP: 28/35 MP: 3/5
  1930 | Sewer    | Noticed a crocodile
  1946 | Sewer    | Killed a crocodile
  1947 | Sewer    | Reached XP level 6. HP: 39/41 MP: 6/6
  2327 | D:4      | Learned a level 1 spell: Magic Dart
  2623 | D:4      | Identified the +9 whip "Naggug" {freeze, rF- rN+ Dex+3
                  | Stlth+}
  2671 | D:4      | Reached XP level 7. HP: 46/46 MP: 7/7
  2890 | D:5      | Entered Level 5 of the Dungeon
  2896 | D:4      | Reached skill level 1 in Maces & Flails
  2954 | D:5      | Found a staircase to the Ecumenical Temple.
  2977 | Temple   | Entered the Ecumenical Temple
  3003 | D:5      | Reached skill level 5 in Unarmed Combat
  3411 | D:5      | Reached XP level 8. HP: 36/54 MP: 8/8
  3854 | D:5      | Found Ucvatom's Overcharged Wands.
  3869 | D:5      | Reached skill level 5 in Shapeshifting
  4329 | D:6      | Noticed a manticore
  4343 | D:6      | Killed a manticore
  4344 | D:6      | Reached skill level 5 in Fighting
  4344 | D:6      | Reached skill level 5 in Dodging
  4670 | D:6      | Reached XP level 9. HP: 61/61 MP: 2/9
  5655 | D:7      | Found a radiant altar of Vehumet.
  5695 | D:7      | Found a flagged portal.
  5939 | Bailey   | Entered a bailey
  6150 | Bailey   | Identified the +10 lajatang of Cheese {holy, rPois Int+3
                  | Dex+2}
  6266 | Bailey   | Noticed a two-headed ogre
  6270 | Bailey   | Reached skill level 1 in Staves
  6270 | Bailey   | Reached XP level 10. HP: 52/69 MP: 6/10
  6343 | Bailey   | Slain by a two-headed ogre

Illustrated notes

Levels and vault maps discovered:
D:1:      saegor_arrival_fortress, layout_loops_cross
D:2:      layout_loops_ring
D:3:      wander_river, layout_rooms, mainiacjoe_overflow_chevrons,
          portal_sewer_entry_a
D:4:      layout_loops_cross
D:5:      layout_layer_cave, minmay_temple_entry_large_hall,
          grunt_decor_fettered, serial_bayou_lagoon_a,
          nicolae_shop_overcharged_wands
D:6:      layout_basic
D:7:      layout_gridville, mainiacjoe_overflow_cross_hatched, enter_bailey_6,
          uniq_maggie
Temple:   hc_temple_tempest_star
Bailey:   bailey_polearm_enchanted_keep_hellmonk, bailey

Skill      XL: |  1  2  3  4  5  6  7  8  9 |
---------------+----------------------------+-----
Fighting       | 2 3 4 5 6 |  6.9
Dodging        | 3 4 5 7 |  7.1
Unarmed Combat | 4 5 6 7 |  7.5
Shapeshifting  | 4 5 6 |  6.9
Maces & Flails | 2 |  2.0
Staves         | 1 |  1.3

Action                     |  1- 3 |  4- 6 |  7- 9 | 10-12 || total
---------------------------+-------+-------+-------+-------++-------
  Melee: Unarmed           |    35 |       |       |       ||    35
         Constrict         |    16 |    16 |    29 |       ||    61
         Tentacles         |     8 |    13 |    28 |     1 ||    50
         Whip              |    31 |    83 |   141 |       ||   255
         Punch             |       |     1 |     5 |       ||     6
         Lajatang          |       |       |     3 |     5 ||     8
  Throw: Stone             |       |     5 |       |       ||     5
   Cast: Magic Dart        |       |    11 |    78 |     7 ||    96
    Use: Scroll            |     5 |     1 |     6 |       ||    12
         Potion            |       |       |     2 |       ||     2
   Stab: Sleeping          |    12 |     5 |     5 |       ||    22
 Armour: Skin              |    22 |    42 |    76 |     7 ||   147
  Dodge: Dodged            |    38 |    54 |    90 |     7 ||   189

Table legend: (Time is in decaauts)
 A = Elapsed time spent in this place.
 B = Non-inter-level travel time spent in this place.
 C = Inter-level travel time spent in this place.
 D = Time resting spent in this place.
 E = Time spent auto-exploring this place.
 F = Levels seen in this place.
 G = Mean time per level.
                   A        B        C        D        E       F      G
               +--------+--------+--------+--------+--------+-----+--------+
         Total |   6352 |   6198 |    154 |    520 |   4493 |  10 |  635.2 |
       Dungeon |   5826 |   5672 |    154 |    370 |   4260 |   7 |  832.3 |
        Temple |      1 |      1 |      0 |      0 |      0 |   1 |    1.0 |
         Sewer |    118 |    118 |      0 |      0 |     52 |   1 |  118.0 |
        Bailey |    405 |    405 |      0 |    150 |    181 |   1 |  405.0 |
               +--------+--------+--------+--------+--------+-----+--------+

Top non-repeatable levels by time:
     D:6: 1433 daAuts
     D:5: 1324 daAuts
     D:1: 876 daAuts
     D:2: 735 daAuts
     D:4: 733 daAuts
     D:3: 439 daAuts
  Bailey: 405 daAuts
     D:7: 283 daAuts
   Sewer: 118 daAuts
  Temple: 1 daAuts
